 Dungeon Crawl Stone Soup version 0.21.1-1-g345015f (webtiles) character file.

277 JeffiDaFish the Ducker (level 6, -2/38 HPs)
             Began as a Demonspawn Chaos Knight on Feb 23, 2018.
             Slain by a worker ant (5 damage)
             ... on level 4 of the Dungeon.
             The game lasted 00:06:15 (3124 turns).

JeffiDaFish the Ducker (Demonspawn Chaos Knight)    Turns: 3124, Time: 00:06:16

Health: -2/38      AC:  6    Str: 15    XL:     6   Next: 4%
Magic:  6/6        EV: 12    Int: 13    God:    Xom [..*...]
Gold:   192        SH: 13    Dex: 14    Spells: 5/5 levels left

rFire    . . .     SeeInvis .   a - +0 falchion (chaos)
rCold    . . .     Gourm    .   i - +0 shield
rNeg     . . .     Faith    +   b - +3 leather armour
rPois    .         Spirit   .   (no helmet)
rElec    .         Reflect  .   (no cloak)
rCorr    .         Harm     .   (no gloves)
MR       .....                  (no boots)
Stlth    +.........             j - amulet of faith
HPRegen  0.12/turn              (no ring)
MPRegen  0.10/turn              (no ring)

@: drained
A: claws 1, large bone plates 2, agile 1, blurry vision 1, frail 2, mutation
resistance 1
a: Renounce Religion


You were on level 4 of the Dungeon.
You worshipped Xom.
You were a toy of Xom.
You were hungry.

You visited 1 branch of the dungeon, and saw 4 of its levels.

You collected 192 gold pieces.

Inventory:

Hand Weapons
 a - a +0 falchion of chaos (weapon)
Armour
 b - a +3 leather armour (worn)
 i - a +0 shield (worn)
Jewellery
 j - an amulet of faith (around neck)
Scrolls
 d - 2 scrolls of remove curse
 e - 3 scrolls of identify
 h - 2 scrolls of teleportation
Potions
 f - 2 potions of resistance
 g - 3 potions of haste
Comestibles
 c - 6 rations
 k - 3 chunks of flesh


   Skills:
 * Level 3.9(2.9) Fighting
 * Level 3.5(2.6) Long Blades
 - Level 5.2(4.2) Armour
 - Level 7.0(5.9) Dodging
 * Level 0.4(0.0) Shields


You had 5 spell levels left.
You didn't know any spells.

Dungeon Overview and Level Annotations

Branches:
Dungeon (4/15)
 Temple: D:4-7

Altars:
Kikubaaqudgha
Xom


Innate Abilities, Weirdness & Mutations

You have sharp fingernails.
You are mostly covered in large bone plates. (SH +6)
You are agile. (Dex +2)
Scrolls take you a little longer to read.
You are very frail. (-20% HP)
You are somewhat resistant to further mutation.


Message History

Okay, then.
Found a short sword.
The worker ant twitches its antennae in your direction.
You see here a short sword.
Found a ration.
You hear the rusting of a distant drain.
You barely miss the worker ant.
The worker ant bites you but does no damage.
You barely miss the worker ant. You block the worker ant's attack. x2
You hit the worker ant but do no damage.
You drain the worker ant!
The worker ant is moderately wounded.
You block the worker ant's attack. Something hits you but does no damage.
You hit the worker ant but do no damage.
The worker ant is moderately wounded.
Something hits you.
* * * LOW HITPOINT WARNING * * *
You block the worker ant's attack. Something barely misses you.
The worker ant bites you.
You die...

...#####.# #.#
.........###.######..
.รท...........).......
....{...?##..##.##..
.........##..##.# ..
...########.....# .#
.{.# ##.#.## .# ...#
#.#.###.# ...###
#..)a@..# .....#
###.##### #.##.###
%.... #......#
#.##.##.# ####.#.# #
#.. a. ####.#.# ### ##
...^.#.### .###.....#
.....###.#


You could see a worker ant.

Vanquished Creatures
  A hound (D:4)
  An orc priest (D:2)
  Jessica (D:2)
  7 adders
  An ooze (D:2)
  2 worms (D:3)
  2 dart slugs (D:2)
  6 leopard geckos
  6 orcs (D:3)
  9 bats
  4 giant cockroaches
  6 goblins
  5 hobgoblins
  19 kobolds
  A ball python (D:3)
  6 frilled lizards
  A quokka skeleton (D:4)
  3 rats
  A plant (D:1)
82 creatures vanquished.

Vanquished Creatures (others)
  An orc wizard (D:2)
  3 orcs (D:2)
4 creatures vanquished.

Grand Total: 86 creatures vanquished

Notes
Turn   | Place    | Note
-------+----------+-------------------------------------------
     0 | D:1      | JeffiDaFish the Demonspawn Chaos Knight began the quest for the Orb.
     0 | D:1      | Reached XP level 1. HP: 18/18 MP: 1/1
   158 | D:1      | Gained mutation: You are partially covered in large bone plates. (SH +4) [demonic ancestry]
   158 | D:1      | Reached XP level 2. HP: 24/24 MP: 2/2
   167 | D:1      | Reached skill level 1 in Dodging
   233 | D:1      | XOM: potion effect (experience)
   233 | D:1      | Reached skill level 5 in Armour
   233 | D:1      | Reached skill level 6 in Dodging
   233 | D:1      | Reached XP level 3. HP: 8/29 MP: 3/3
   240 | D:1      | XOM: enchant monster (good)
   330 | D:1      | XOM: cloud trail
   363 | D:1      | XOM: god gift: scroll labeled POXOSA VEURUA {god gift}
   481 | D:1      | Gained mutation: You are somewhat resistant to further mutation. [potion of mutation]
   481 | D:1      | Gained mutation: You are agile. (Dex +2) [potion of mutation]
   662 | D:1      | XOM: summons 1 hostile demon
   931 | D:2      | Noticed Jessica
   936 | D:2      | XOM: divination: magic mapping
   942 | D:2      | Killed Jessica
   942 | D:2      | Reached XP level 4. HP: 27/35 MP: 4/4
  1055 | D:2      | Found a shimmering altar of Xom.
  1262 | D:2      | XOM: destruction
  1276 | D:2      | Gained mutation: You have sharp fingernails. [demonic ancestry]
  1276 | D:2      | Reached XP level 5. HP: 10/41 MP: 5/5
  1370 | D:2      | XOM: harmless Pois miscast
  1736 | D:2      | XOM: give mutations
  1736 | D:2      | Gained mutation: You are frail. (-10% HP) [Xom's mischief]
  1736 | D:2      | Gained mutation: Scrolls take you a little longer to read. [Xom's mischief]
  1736 | D:2      | Gained mutation: You are very frail. (-20% HP) [Xom's mischief]
  2083 | D:3      | Reached skill level 7 in Dodging
  2199 | D:3      | Found an ancient bone altar of Kikubaaqudgha.
  2306 | D:3      | XOM: draining
  2482 | D:3      | XOM: cloud trail
  2834 | D:3      | XOM: god gift: 2 potions of resistance
  2980 | D:4      | Gained mutation: You are mostly covered in large bone plates. (SH +6) [demonic ancestry]
  2980 | D:4      | Reached XP level 6. HP: 38/38 MP: 6/6
  3124 | D:4      | Slain by a worker ant

Skill      XL: |  1  2  3  4  5 |
---------------+----------------+-----
Dodging        | 6 7 |  7.0
Armour         | 5 |  5.2
Long Blades    | 3 |  3.5
Fighting       | |  3.9
Shields        | |  0.4

Action                   |  1- 3 |  4- 6 || total
-------------------------+-------+-------++-------
Melee: Falchion          |    98 |   218 ||   316
  Use: Scroll            |     4 |     4 ||     8
       Potion            |     4 |     3 ||     7
 Stab: Paralysed         |       |     1 ||     1
  Eat: Chunk             |       |     7 ||     7
Armor: Leather armour    |    24 |    74 ||    98
       Skin              |     3 |       ||     3
Dodge: Dodged            |    61 |   151 ||   212
Block: Other             |     9 |    27 ||    36
       Shield            |       |    47 ||    47
       Rpst.: Falchion   |    19 |    47 ||    66
